 Dungeon Crawl Stone Soup version 0.32-a0-132-g2d33c3cfaf (webtiles) character file.

Game seed: 11712327718483769717

1435 CougarLife the Geomancer (level 8, -2/41 HPs)
             Began as a Gargoyle Earth Elementalist on Feb 9, 2024.
             Shot with an arrow by an orc warrior (7 damage)
             ... on level 6 of the Dungeon.
             The game lasted 00:09:26 (5948 turns).

CougarLife the Geomancer (GrEE)                     Turns: 5948, Time: 00:09:26

Health: -2/41      AC:  9    Str: 12    XL:     8   Next: 73%
Magic:  0/16       EV: 11    Int: 18    God:
Gold:   228        SH:  0    Dex: 10    Spells: 8/18 levels left

rFire   . . .        g - +0 dagger
rCold   + . .        (no shield)
rNeg    + . .        w - +1 robe {rC+}
rPois   ∞            (no helmet)
rElec   +            (no cloak)
rCorr   .            (no gloves)
SInv    .            v - +0 pair of boots
Will    +....        f - amulet of the acrobat
Stlth   ++           i - ring of willpower
HPRegen 0.26/turn    (no ring)
MPRegen 0.15/turn

%: acrobat
@: no status effects
A: sickness immunity, AC +5, negative energy resistance 1, electricity
resistance, torment resistance 1, petrification resistance
a: no special abilities


You were on level 6 of the Dungeon.
You visited 2 branches of the dungeon, and saw 7 of its levels.
You also visited: Sewer.

You collected 283 gold pieces.
You spent 55 gold pieces at shops.

Inventory:

Hand Weapons
 g - a +0 dagger (weapon)
Armour
 v - a +0 pair of boots (worn)
 w - a +1 robe of cold resistance (worn)
Jewellery
 f - an amulet of the acrobat (around neck)
 i - a ring of willpower (left hand)
Wands
 m - a wand of quicksilver (6)
 t - a wand of mindburst (11)
Scrolls
 a - a scroll of immolation {unknown}
 d - 2 scrolls of fog {unknown}
 e - 8 scrolls of identify {unknown}
 h - 2 scrolls of teleportation {unknown}
 j - a scroll of fear {unknown}
 o - 4 scrolls of revelation {unknown}
 p - a scroll of silence {unknown}
 s - a scroll of poison {unknown}
 u - a scroll of amnesia {unknown}
Potions
 b - a potion of magic
 c - a potion of enlightenment {unknown}
 k - a potion of attraction {unknown}
 l - 4 potions of curing {unknown}
 n - 2 potions of heal wounds
 q - 2 potions of might {unknown}
 r - a potion of brilliance {unknown}
 x - a potion of invisibility {unknown}


   Skills:
 - Level 1.5 Dodging
 - Level 2.1 Stealth
 + Level 5.9 Spellcasting
 + Level 6.6 Conjurations
 + Level 8.1 Earth Magic


You had 8 spell levels left.
You knew the following spells:

 Your Spells              Type           Power      Damage    Failure   Level
a - Sandblast             Erth           68%        2d15      1%          1
b - Stone Arrow           Conj/Erth      62%        3d10      1%          3
c - Blink                 Tloc           10%        N/A       19%         2
d - Brom's Barrelling Bo  Conj/Erth      31%        2d5       6%          4

Your spell library contained the following spells:

 Spells                   Type           Power      Damage    Failure   Level
 Magic Dart               Conj           100%       1d8       1%          1
 Passwall                 Erth           34%        N/A       1%          3
 Foxfire                  Conj/Fire      68%        2x1d7     3%          1
 Shock                    Conj/Air       68%        1d7       3%          1
 Apportation              Tloc           10%        N/A       12%         1
 Necrotise                Necr           20%        1d5       12%         1
 Summon Small Mammal      Summ           20%        N/A       12%         1
 Call Imp                 Summ           10%        N/A       19%         2
 Petrify                  Alch/Erth      19%        N/A       22%         4
 Call Canine Familiar     Summ           5%         N/A       36%         3
 Fireball                 Conj/Fire      8%         3d6       65%         5
 Anguish                  Hex/Necr       2%         N/A       77%         4
 Cause Fear               Hex            2%         N/A       77%         4
 Dimensional Bullseye     Hex/Tloc       2%         N/A       77%         4
 Summon Blazeheart Golem  Fire/Summ      5%         N/A       77%         4
 Enfeeble                 Hex            2%         N/A       100%        7
 Dragon's Call            Summ           2%         N/A       100%        9


Dungeon Overview and Level Annotations

Branches:
Dungeon (6/15)             Temple (1/1) D:5           Sewer (visited)

Altars:
Cheibriados
Fedhas
Kikubaaqudgha
Nemelex Xobeh
Qazlal
Ru
Uskayaw
Wu Jian
Xom
Zin
The Shining One

Shops:
D:3 *


Innate Abilities, Weirdness & Mutations

You are immune to sickness and miasma.
Your stone body is resilient. (AC +5)
You are immune to poison.
You resist negative energy. (rN+)
You are resistant to electric shocks. (rElec)
You are resistant to unholy torment.
You are immune to petrification.


Message History

You closely miss the orc warrior.
The orc warrior is heavily wounded.
The orc warrior barely misses you.
You closely miss the orc warrior.
The orc warrior is heavily wounded.
The orc warrior hits you with a +0 war axe.
Casting: Sandblast (safe; 1% risk of failure)
Confirm with . or Enter, or press ? or * to list all spells.
Aiming: Sandblast (safe; 1% risk of failure)
Press: ? - help, Shift-Dir - straight line, f/p - orc warrior
Aim: an orc warrior, wielding a +0 war axe and wearing a +0 chain mail (heavily wounded, 82% to hit)
The blast of sand hits the orc warrior!
The orc warrior is almost dead.
The orc warrior hits you with a +0 war axe.
The orc warrior barely misses you.
Unknown command.
You closely miss the orc warrior.
The orc warrior is almost dead.
The orc warrior closely misses you.
You hit the orc warrior but do no damage.
The orc warrior is almost dead.
The orc warrior hits you with a +0 war axe!
You closely miss the orc warrior.
The orc warrior is almost dead.
The orc warrior hits you with a +0 war axe!
* * * LOW HITPOINT WARNING * * *
You barely miss the orc warrior.
The orc warrior is almost dead.
The orc warrior barely misses you.
The orc warrior unwields a +0 war axe.
The orc warrior wields a +0 orcbow.
The orc warrior shoots an arrow.
The arrow completely misses you.
Casting: Sandblast (safe; 1% risk of failure)
Confirm with . or Enter, or press ? or * to list all spells.
Aiming: Sandblast (safe; 1% risk of failure)
Press: ? - help, Shift-Dir - straight line, f/p - orc warrior
Aim: an orc warrior, wielding a +0 orcbow and wearing a +0 chain mail (almost dead, 82% to hit)
The blast of sand hits the orc warrior but does no damage.
The orc warrior is almost dead.
The orc warrior shoots an arrow.
The arrow hits you!
You die...

....... #.....# #.....+
#.....# #.....#
#.....#########
#....)#[......#
+....)'()o)@..#
#.....#####..##
.........#.(##..##
..........#.......#
...........#.......#
...........#####..##
###........#..##..#####
#........#.......#..#
#.......#..#


You could see an orc warrior.

Vanquished Creatures
  Grinder (Sewer)
  A water moccasin (D:5)
  An orc warrior (D:6)
  An ogre (D:5)
  3 phantoms
  2 kobold brigands (Sewer)
  2 scorpions
  2 bombardier beetles
  An orc priest (D:6)
  A sleepcap (D:5)
  3 iguanas
  4 orc wizards
  4 adders
  A river rat (D:4)
  4 shadow imps (Sewer)
  3 ufetubi (Sewer)
  4 ribbon worms
  12 orcs
  6 ball pythons
  11 endoplasms
  5 giant cockroaches
  7 goblins
  9 hobgoblins
  4 jackals (D:5)
  17 kobolds
  5 quokkas
  3 bats
  A kobold zombie (Sewer)
  9 rats
127 creatures vanquished.

Vanquished Creatures (collateral kills)
  3 boulders (D:6)
3 creatures vanquished.

Grand Total: 130 creatures vanquished

Notes
Turn   | Place    | Note
-------+----------+-------------------------------------------
     0 | D:1      | CougarLife the Gargoyle Earth Elementalist began the quest
                  | for the Orb.
     0 | D:1      | Reached XP level 1. HP: 10/10 MP: 3/3
   154 | D:1      | Found a faded altar of an unknown god.
   155 | D:1      | You fall into a shaft and drop 1 floor!
   169 | D:2      | Reached XP level 2. HP: 15/15 MP: 3/5
   420 | D:1      | Reached skill level 4 in Earth Magic
   818 | D:1      | Reached XP level 3. HP: 19/19 MP: 4/6
  2014 | D:3      | Found Xengiss's General Store.
  2020 | D:3      | Bought a potion of heal wounds for 55 gold pieces
  2149 | D:3      | Reached XP level 4. HP: 18/24 MP: 2/8
  2425 | D:3      | Reached XP level 5. HP: 27/28 MP: 7/9
  2627 | D:3      | Reached skill level 5 in Earth Magic
  2840 | D:4      | Found a glowing drain.
  2920 | Sewer    | Entered a sewer
  3134 | Sewer    | Noticed a phantom
  3148 | Sewer    | Killed a phantom
  3149 | Sewer    | Reached XP level 6. HP: 13/32 MP: 1/11
  3280 | Sewer    | Reached skill level 6 in Earth Magic
  3362 | Sewer    | Learned a level 3 spell: Stone Arrow
  3383 | Sewer    | Reached XP level 7. HP: 36/36 MP: 10/13
  3396 | Sewer    | Found an ancient bone altar of Kikubaaqudgha.
  3474 | Sewer    | Noticed Grinder
  3481 | Sewer    | Killed Grinder
  3809 | D:4      | Reached skill level 5 in Conjurations
  4498 | D:5      | Entered Level 5 of the Dungeon
  4506 | D:5      | Reached skill level 5 in Spellcasting
  4882 | D:5      | Reached skill level 7 in Earth Magic
  4882 | D:5      | Reached XP level 8. HP: 41/41 MP: 11/15
  5205 | D:5      | Got Even Beginners Can Use the Veiled Truths!
  5302 | D:5      | Learned a level 2 spell: Blink
  5307 | D:5      | Learned a level 4 spell: Brom's Barrelling Boulder
  5406 | D:5      | Found a staircase to the Ecumenical Temple.
  5442 | D:5      | Got Nakokh's Tome of Erosion and the Wayfarer
  5447 | Temple   | Entered the Ecumenical Temple
  5815 | D:6      | Reached skill level 8 in Earth Magic
  5948 | D:6      | Shot with an arrow by an orc warrior

Illustrated notes

Levels and vault maps discovered:
D:1:      scummos_arrival_checkerplants, layout_basic,
          dreamdust_ecumenical_altar_grove, serial_forest,
          infiniplex_forest_straight_2, infiniplex_forest_lined_3,
          infiniplex_forest_lined_corner, infiniplex_forest_lined_3,
          infiniplex_forest_lined_3, infiniplex_forest_clump_double,
          infiniplex_forest_zigzag_1
D:2:      layout_basic, kennysheep_flooded_box
D:3:      layout_basic, serial_shops, shop, nrook_campfire,
          minmay_misc_feat_doors
D:4:      layout_loops_cross, portal_sewer_entry_c, serial_bayou,
          serial_bayou_pond_c, serial_bayou_pond_d, serial_bayou_pond_e,
          serial_bayou_lake_a, minmay_a_box_with_orc_wizards_in_it
D:5:      layout_loops_cross, minmay_temple_entry_large_hall
D:6:      layout_gridville, mainiacjoe_overflow_alcove_1
Temple:   nicolae_temple_ecumenical_triangle

Skill      XL: |  1  2  3  4  5  6  7  8 |
---------------+-------------------------+-----
Earth Magic    | 4 5 6 7 8 |  8.1
Conjurations   | 2 3 4 5 6 |  6.6
Spellcasting   | 3 4 5 |  5.9
Dodging        | |  1.5
Stealth        | |  2.1

Action                     |  1- 3 |  4- 6 |  7- 9 || total
---------------------------+-------+-------+-------++-------
  Melee: Dagger            |       |     2 |    12 ||    14
         Punch             |       |       |     1 ||     1
   Cast: Sandblast         |    63 |    87 |    94 ||   244
         Brom's Barrelling |       |       |     5 ||     5
         Stone Arrow       |       |       |     1 ||     1
    Use: Potion            |       |     1 |       ||     1
 Armour: Robe              |    24 |    36 |    45 ||   105
  Dodge: Dodged            |    25 |    26 |    48 ||    99

Table legend: (Time is in decaauts)
 A = Elapsed time spent in this place.
 B = Non-inter-level travel time spent in this place.
 C = Inter-level travel time spent in this place.
 D = Time resting spent in this place.
 E = Time spent auto-exploring this place.
 F = Levels seen in this place.
 G = Mean time per level.
                   A        B        C        D        E       F      G
               +--------+--------+--------+--------+--------+-----+--------+
         Total |   6108 |   5615 |    493 |    552 |   4066 |   8 |  763.5 |
       Dungeon |   5383 |   4890 |    493 |    245 |   3866 |   6 |  897.2 |
        Temple |      4 |      4 |      0 |      0 |      0 |   1 |    4.0 |
         Sewer |    720 |    720 |      0 |    307 |    200 |   1 |  720.0 |
               +--------+--------+--------+--------+--------+-----+--------+

Top non-repeatable levels by time:
     D:3: 1154 daAuts
     D:4: 1137 daAuts
     D:2: 1077 daAuts
     D:5: 936 daAuts
     D:1: 874 daAuts
   Sewer: 720 daAuts
     D:6: 203 daAuts
  Temple: 4 daAuts
